 Dungeon Crawl Stone Soup version 0.21.1-1-g345015f (webtiles) character file.

613 letownia2 the Conjurer (level 7, 36/50 HPs)
             Began as a Demonspawn Wizard on Feb 10, 2018.
             Quit the game on level 5 of the Dungeon.
             The game lasted 00:12:00 (4193 turns).

letownia2 the Conjurer (Demonspawn Wizard)          Turns: 4193, Time: 00:12:01

Health: 36/50      AC:  6    Str: 10    XL:     7   Next: 20%
Magic:  0/11       EV: 11    Int: 19    God:
Gold:   234        SH:  0    Dex: 11    Spells: 3/12 levels left

rFire    + . .     SeeInvis .   a - +2 mace (crush)
rCold    . . .     Gourm    +   (no shield)
rNeg     . . .     Faith    .   w - +0 leather armour
rPois    .         Spirit   .   q - +0 hat
rElec    .         Reflect  .   (no cloak)
rCorr    .         Harm     .   (no gloves)
MR       .....                  n - +0 pair of boots
Stlth    +.........             o - amulet of the gourmand
HPRegen  0.16/turn              (no ring)
MPRegen  0.12/turn              (no ring)

@: no status effects
A: rugged brown scales 2, fire resistance 1, powered by pain 1
a: no special abilities


You were on level 5 of the Dungeon.
You were completely stuffed.

You visited 1 branch of the dungeon, and saw 5 of its levels.

You collected 234 gold pieces.

Inventory:

Hand Weapons
 a - a +2 mace of crushing (weapon)
 r - a +0 dagger
 t - a +0 arbalest
Missiles
 e - 13 bolts
 y - a tomahawk (quivered)
 C - 8 javelins of returning
Armour
 j - a +0 robe
 n - a +0 pair of boots (worn)
 q - a +0 hat (worn)
 w - a +0 leather armour (worn)
Jewellery
 o - an amulet of the gourmand (around neck)
Wands
 u - a wand of clouds (3)
 B - a wand of enslavement (7)
Scrolls
 f - a scroll of enchant weapon {unknown}
 g - a scroll of immolation {unknown}
 i - 4 scrolls of identify {unknown}
 l - 2 scrolls of teleportation {unknown}
 m - a scroll of fog {unknown}
 p - a scroll of blinking {unknown}
 x - a scroll of remove curse {unknown}
Potions
 h - 3 potions of agility
 k - a potion of flight {unknown}
 v - a potion of cancellation {unknown}
 A - a potion of lignification {unknown}
Books
 c - a book of Minor Magic

   Spells                             Type                      Level
   a - Magic Dart                     Conjuration                  1
   b - Blink                          Translocation                2
   c - Call Imp                       Summoning                    2
   d - Slow                           Hexes                        2
   e - Conjure Flame                  Conjuration/Fire             3
   f - Mephitic Cloud                 Conjuration/Poison/Air       3
Comestibles
 b - a chunk of flesh
 d - 8 rations


   Skills:
 + Level 1.1 Fighting
 - Level 1.7 Dodging
 - Level 1.7 Stealth
 + Level 3.2 Spellcasting
 - Level 5.9 Conjurations
   Level 1.0 Summonings
 + Level 1.4 Translocations
 + Level 1.9 Fire Magic
 + Level 1.9 Air Magic
 + Level 2.1 Poison Magic


You had 3 spell levels left.
You knew the following spells:

 Your Spells              Type           Power        Failure   Level  Hunger
a - Magic Dart            Conj           ####         1%          1    None
b - Blink                 Tloc           N/A          17%         2    ##.....
c - Conjure Flame         Conj/Fire      ###.....     12%         3    ###....
e - Mephitic Cloud        Conj/Pois/Air  ###.....     16%         3    ###....


Dungeon Overview and Level Annotations

Branches:
Dungeon (5/15)
 Temple: D:4-7

Altars:
Qazlal
Trog
Xom

Annotations:
D:2 Terence
D:4 exclusions: goblin, hobgoblin and 1 more exclusion


Innate Abilities, Weirdness & Mutations

You are mostly covered in rugged brown scales. (AC +2, +5% HP)
Your flesh is heat resistant. (rF+)
You sometimes gain a little power by taking damage.


Message History

The worker ant is almost dead.
The worker ant bites you.
Unknown command.
Unknown command.
Casting: Magic Dart
Confirm with . or Enter, or press ? or * to list all spells.
You don't have enough magic to cast that spell.
Unknown command.
Unknown command.
Unknown command.
a - a +2 mace of crushing (weapon)
The worker ant closely misses you.
You hit the worker ant.
You kill the worker ant!
No target in view!
You see here a worker ant corpse.
You butcher the worker ant corpse.
b - a chunk of flesh
There is a stone staircase leading up here.
Are you sure you want to abandon this character and quit the game? (Confirm with "yes".)

## #.## #..........#......#... #
##..## ##..##................
#####....####.##..#..............
..##..#...##..##..#........#.....
#.....###..#..##.###......###....
#..#...###...###.# #......# #.=.
#.###..####..##..##......## ?.
#.# ##..####....)........# ..#
#...###....@..#####.. .##
#....#..#..#### .# #.......#..#
## ##......##.## .##
#..........## #.###......####.##
##.##....### ##.# ##.#...## ###
#.#.#.##


There were no monsters in sight!

Vanquished Creatures
  The ghost of Frank the Slasher, an amateur OpFi (D:4)
  A water moccasin zombie (D:5)
  3 scorpions (D:4)
  A howler monkey (D:4)
  A hound (D:4)
  An orc priest (D:4)
  2 iguanas (D:4)
  An orc wizard (D:4)
  2 worker ants
  2 adders
  A worm (D:3)
  2 dart slugs (D:1)
  A leopard gecko (D:4)
  10 orcs
  5 giant cockroaches
  4 goblins
  A hobgoblin (D:2)
  2 quokkas (D:3)
  A ball python (D:3)
  2 bats (D:1)
  3 frilled lizards
  7 kobolds
54 creatures vanquished.

Notes
Turn   | Place    | Note
-------+----------+-------------------------------------------
     0 | D:1      | letownia2 the Demonspawn Wizard began the quest for the Orb.
     0 | D:1      | Reached XP level 1. HP: 13/13 MP: 4/4
   148 | D:1      | Reached skill level 2 in Conjurations
   265 | D:1      | Gained mutation: You sometimes gain a little power by taking damage. [demonic ancestry]
   265 | D:1      | Reached XP level 2. HP: 19/19 MP: 3/6
   995 | D:2      | Noticed Terence
  1381 | D:2      | Noticed a centaur
  1664 | D:3      | Reached skill level 3 in Conjurations
  1666 | D:3      | Reached XP level 3. HP: 18/24 MP: 1/7
  1754 | D:3      | Learned a level 3 spell: Mephitic Cloud
  1758 | D:3      | Learned a level 3 spell: Conjure Flame
  2406 | D:3      | Found a bloodstained altar of Trog.
  2431 | D:3      | Found a faded altar of an unknown god.
  2565 | D:4      | Reached skill level 4 in Conjurations
  2565 | D:4      | Gained mutation: You are partially covered in rugged brown scales. (AC +1, +3% HP) [demonic ancestry]
  2565 | D:4      | Reached XP level 4. HP: 23/30 MP: 2/8
  3131 | D:4      | Noticed Frank's ghost (amateur OpFi)
  3141 | D:4      | Killed Frank's ghost
  3141 | D:4      | Reached skill level 5 in Conjurations
  3141 | D:4      | Reached XP level 5. HP: 36/36 MP: 5/9
  3338 | D:4      | Found a stormy altar of Qazlal.
  3359 | D:4      | Gained mutation: You are mostly covered in rugged brown scales. (AC +2, +5% HP) [demonic ancestry]
  3359 | D:4      | Reached XP level 6. HP: 36/43 MP: 3/10
  3538 | D:4      | Reached skill level 1 in Poison Magic
  3557 | D:4      | Reached skill level 1 in Fire Magic
  3557 | D:4      | Reached skill level 1 in Air Magic
  3653 | D:4      | Learned a level 2 spell: Blink
  3689 | D:4      | Reached skill level 1 in Translocations
  3785 | D:4      | Found a shimmering altar of Xom.
  3800 | D:4      | Gained mutation: Your flesh is heat resistant. (rF+) [demonic ancestry]
  3800 | D:4      | Reached XP level 7. HP: 49/49 MP: 6/11
  3989 | D:5      | Entered Level 5 of the Dungeon
  4039 | D:5      | Reached skill level 1 in Fighting
  4193 | D:5      | Quit the game

Skill      XL: |  1  2  3  4  5  6  7 |
---------------+----------------------+-----
Conjurations   | 2 3 4 5 |  5.9
Poison Magic   | 1 2 |  2.1
Fire Magic     | 1 |  1.9
Air Magic      | 1 |  1.9
Translocations | 1 |  1.4
Fighting       | 1 |  1.1
Dodging        | |  1.7
Stealth        | |  1.7
Spellcasting   | |  3.2
Summonings     | |  1.0

Action                   |  1- 3 |  4- 6 |  7- 9 || total
-------------------------+-------+-------+-------++-------
Melee: Unarmed           |     1 |       |       ||     1
       Dagger            |    25 |     4 |       ||    29
       Flail             |     4 |     4 |     1 ||     9
       Mace              |       |       |     4 ||     4
 Fire: Arbalest          |       |    42 |     8 ||    50
Throw: Tomahawk          |     2 |       |     3 ||     5
 Cast: Magic Dart        |    82 |     8 |    12 ||   102
       Mephitic Cloud    |       |     6 |     3 ||     9
       Conjure Flame     |       |     6 |     2 ||     8
  Use: Potion            |       |     2 |       ||     2
 Stab: Sleeping          |     1 |       |       ||     1
  Eat: Chunk             |     7 |     8 |     5 ||    20
Armor: Robe              |     3 |       |       ||     3
       Leather armour    |     1 |     5 |     7 ||    13
Dodge: Dodged            |    40 |    10 |    12 ||    62
